 Dungeon Sprint DCSS version 0.28-a0-71-g84acfa7270 (webtiles) character file.

Game seed: 16021006862543642743

278 Zeldest the Martial Artist (level 10, -4/59 HPs)
             Began as a Vine Stalker Transmuter on Aug 2, 2021.
             Was a High Priest of Okawaru.
             Slain by a giant anaconda (8 damage)
             ... in the Dungeon (Sprint VI: "Thunderdome").
             The game lasted 00:08:12 (669 turns).

Zeldest the Martial Artist (Vine Stalker Transmuter) Turns: 669, Time: 00:08:12

Health: -4/59      AC:  4    Str: 13    XL:     10   Next: 8%
Magic:  0/14       EV: 14    Int: 13    God:    Okawaru [*****.]
Gold:   112        SH:  0    Dex: 18    Spells: 3/13 levels left

rFire   . . .      SeeInvis .     - Unarmed
rCold   . . .      Faith    .   (no shield)
rNeg    . . .      Spirit   +   g - +0 troll leather armour
rPois   .          Reflect  .   (helmet currently unavailable)
rElec   .          Harm     .   (no cloak)
rCorr   .          Rampage  .   (no gloves)
Will    +....      NoTele   +   (boots currently unavailable)
Stlth   +.........              (no amulet)
HPRegen 2.19/turn               (no ring)
MPRegen 0.14/turn               (no ring)

@: appendages, wereblooded, constricted
A: horns 2, talons 2, fangs 3, regeneration 1, magic shield, antimagic bite, no
potion heal 2
a: End Transformation, Renounce Religion, Heroism, Finesse


You were in the Dungeon.
You worshipped Okawaru.
Okawaru was extremely pleased with you.
You had temporarily grown beastly horns and talons.
You visited 1 branch You collected 600 gold pieces.
You spent 488 gold pieces at shops.

Inventory:

Armour
 a - a +0 robe
 g - a +0 troll leather armour (worn)
Scrolls
 f - 3 scrolls of blinking
 i - 3 scrolls of fog
Potions
 b - a potion of curing
 c - 4 potions of haste
 d - 2 potions of magic
 e - a potion of berserk rage
 k - a potion of resistance


   Skills:
 + Level 9.9 Fighting
 + Level 9.2 Dodging
 + Level 11.0 Unarmed Combat
 - Level 2.1 Spellcasting
 + Level 10.8 Transmutations
 + Level 8.9 Air Magic


You had 3 spell levels left.
You knew the following spells:

 Your Spells              Type           Power      Damage    Failure   Level
a - Wereblood             Tmut           29%        N/A       1%          2
b - Beastly Appendage     Tmut           58%        N/A       1%          1
c - Storm Form            Tmut/Air       13%        N/A       99%         7

Your spell library contained the following spells:

 Spells                   Type           Power      Damage    Failure   Level
 Spider Form              Tmut/Pois      7%         N/A       11%         3
 Ice Form                 Ice/Tmut       15%        N/A       34%         4
 Summon Lightning Spire   Summ/Air       13%        N/A       45%         4
 Maxwell's Capacitive Co  Air            12%        ∞         100%        8


Dungeon Overview and Level Annotations

Branches:
Dungeon (1/1)

Altars:
Cheibriados
Dithmenos
Fedhas
Gozag
Kikubaaqudgha
Makhleb
Okawaru
Qazlal
Ru
Sif Muna
Trog
Uskayaw
Vehumet
Wu Jian
Xom
Yredelemnul
Zin
The Shining One
Beogh
Jiyva
Lugonu

Shops:
D *[??*?*:[((!!!!


Innate Abilities, Weirdness & Mutations

You have temporarily grown beastly horns and talons.
You have razor-sharp teeth.
Your natural rate of healing is unusually fast.
When hurt, damage is shared between your health and your magic reserves.
Your bite disrupts and absorbs the magic of your enemies.
Potions cannot restore your health.


Message History

The giant anaconda is severely wounded.
The giant anaconda misses you. The giant anaconda constricts you.
The giant anaconda misses you.
* * * LOW HITPOINT WARNING * * *
The giant anaconda constricts you.
You miss the giant anaconda.
Your headbutt misses the giant anaconda.
Your bite misses the giant anaconda.
The giant anaconda is severely wounded.
The giant anaconda barely misses you.
* * * LOW HITPOINT WARNING * * *
The giant anaconda constricts you.
You punch the giant anaconda! You claw the giant anaconda.
Your headbutt misses the giant anaconda.
Your bite misses the giant anaconda.
The giant anaconda is almost dead.
You feel like a meek peon again.
The giant anaconda bites you but does no damage.
* * * LOW HITPOINT WARNING * * *
The giant anaconda constricts you.
You hit the giant anaconda but do no damage.
You punch the giant anaconda! You bite the giant anaconda. You drain its power.
You feel invigorated.
The giant anaconda is almost dead.
The giant anaconda bites you!
* * * LOW HITPOINT WARNING * * *
x2 The giant anaconda constricts you.
The giant anaconda barely misses you.
* * * LOW HITPOINT WARNING * * *
The giant anaconda constricts you.
You hit the giant anaconda. Your kick misses the giant anaconda.
Your bite misses the giant anaconda.
The giant anaconda is almost dead.
The giant anaconda closely misses you.
* * * LOW HITPOINT WARNING * * *
The giant anaconda constricts you.
You hit the giant anaconda but do no damage.
You claw the giant anaconda. Your bite misses the giant anaconda.
The giant anaconda is almost dead.
The giant anaconda bites you!
You die...

###.........###
#⌠......÷....⌠#
######.8......÷..8.###
##.___......###......__
###∩........8.# #.8......
##.......[.....###[.......
#⌠..........###..(###.....
#⌠.......S..# #.<.# #.....
#⌠.......@..###...###.[...
#............)###..).....
###∩........8.# #.8......
##∩___...[..###......__
######[8.........8.###
#⌠...........⌠#
###.........###
#_.[....._# #........_#


You could see a giant anaconda.

Vanquished Creatures
  2 deep elf pyromancers (D)
  4 deep elf zephyrmancers (D)
  A rime drake (D)
  A komodo dragon (D)
  Grinder (D)
  Sigmund (D)
  A scorpion (D)
  A quasit (D)
  An iron imp (D)
  4 river rats (D)
  A white imp (D)
  2 ufetubi (D)
  3 orcs (D)
23 creatures vanquished.

Notes
Turn   | Place    | Note
-------+----------+-------------------------------------------
     0 | D        | Zeldest the Vine Stalker Transmuter began the quest for the
                  | Orb.
     0 | D        | Reached XP level 1. HP: 9/9 MP: 4/4
     2 | D        | Found a burning altar of Makhleb.
     3 | D        | Found a stormy altar of Qazlal.
     4 | D        | Found a viscous altar of Jiyva.
     4 | D        | Found a basalt altar of Yredelemnul.
     5 | D        | Found Raymok's Identification Station.
     5 | D        | Found an opulent altar of Gozag.
     5 | D        | Found an ancient bone altar of Kikubaaqudgha.
     5 | D        | Found an ornate altar of the Wu Jian Council.
     5 | D        | Round 1.
     6 | D        | Found Joquravote's Advanced Armour.
     6 | D        | Found Zivviyk's Jewellery.
     9 | D        | Noticed a scorpion
    16 | D        | Reached skill level 1 in Fighting
    17 | D        | Killed a scorpion
    18 | D        | Reached skill level 4 in Unarmed Combat
    18 | D        | Reached XP level 2. HP: 1/16 MP: 0/6
    18 | D        | Reached XP level 3. HP: 2/20 MP: 0/7
    18 | D        | Gained mutation: Your natural rate of healing is unusually
                  | fast. [Vine Stalker growth]
    18 | D        | Reached XP level 4. HP: 2/24 MP: 0/8
    30 | D        | Found Xegran's Premium Goods.
    30 | D        | Found Gumuj's Miscellaneous Merchandise.
    31 | D        | Found Anguqal's Basic Armour.
    32 | D        | Found a sacrificial altar of Ru.
    32 | D        | Found a glowing golden altar of the Shining One.
    32 | D        | Found a corrupted altar of Lugonu.
    32 | D        | Found Tidaz's Weapon Rack.
    32 | D        | Noticed Sigmund
    41 | D        | Killed Sigmund
    42 | D        | Reached skill level 5 in Fighting
    42 | D        | Reached skill level 5 in Dodging
    42 | D        | Reached skill level 6 in Unarmed Combat
    42 | D        | Reached XP level 5. HP: 30/30 MP: 3/9
    50 | D        | Bought a +0 troll leather armour for 180 gold pieces
    64 | D        | Found a shadowy altar of Dithmenos.
    65 | D        | Found a hide-covered altar of Uskayaw.
    66 | D        | Found a glowing silver altar of Zin.
    66 | D        | Found Jurr's Do-It-Yourself Clinic.
    68 | D        | Found Siceeff's Bottled Wisdom.
    68 | D        | Found Dyfopne's Distillery.
    68 | D        | Found a radiant altar of Vehumet.
    68 | D        | Found a blossoming altar of Fedhas.
    68 | D        | Found a shimmering altar of Xom.
    68 | D        | Found Duker's Distillery.
    72 | D        | Found a shimmering blue altar of Sif Muna.
    73 | D        | Found a bloodstained altar of Trog.
    75 | D        | Found an iron altar of Okawaru.
    76 | D        | Found a snail-covered altar of Cheibriados.
    76 | D        | Found Basao's Staff Store.
    76 | D        | Found Houtep's Magic Scroll Shop.
    77 | D        | Found Xerchuto's Must-Have Magic.
    77 | D        | Found Genkes's Magic Scroll Shop.
    96 | D        | Arena points: 12 (+12) [x2]
   135 | D        | Round 2.
   153 | D        | Reached skill level 1 in Air Magic
   153 | D        | Reached XP level 6. HP: 35/35 MP: 7/10
   167 | D        | Became a worshipper of Warmaster Okawaru
   187 | D        | Noticed Grinder
   188 | D        | Paralysed by Grinder for 7 turns
   204 | D        | Killed Grinder
   204 | D        | Reached * piety under Okawaru
   205 | D        | Reached skill level 7 in Unarmed Combat
   205 | D        | Reached XP level 7. HP: 40/41 MP: 9/11
   266 | D        | Arena points: 54 (+42) [x3]
   329 | D        | Round 3.
   344 | D        | Noticed a rime drake
   357 | D        | Killed a rime drake
   358 | D        | Reached skill level 8 in Unarmed Combat
   358 | D        | Reached skill level 5 in Air Magic
   371 | D        | Learned a level 2 spell: Wereblood
   400 | D        | Noticed a komodo dragon
   413 | D        | Killed a komodo dragon
   413 | D        | Reached ** piety under Okawaru
   413 | D        | Arena points: 138 (+84) [x4]
   414 | D        | Gained mutation: You have razor-sharp teeth. [Vine Stalker
                  | growth]
   414 | D        | Reached XP level 8. HP: 29/47 MP: 3/12
   456 | D        | Round 4.
   459 | D        | Noticed a deep elf pyromancer
   476 | D        | Killed a deep elf pyromancer
   476 | D        | Reached *** piety under Okawaru
   477 | D        | Reached skill level 9 in Unarmed Combat
   506 | D        | Noticed a deep elf zephyrmancer
   533 | D        | Killed a deep elf zephyrmancer
   534 | D        | Reached XP level 9. HP: 52/52 MP: 13/13
   549 | D        | Noticed a deep elf zephyrmancer
   549 | D        | Noticed a deep elf pyromancer
   564 | D        | Noticed a deep elf zephyrmancer
   566 | D        | Killed a deep elf pyromancer
   566 | D        | Reached **** piety under Okawaru
   567 | D        | Reached skill level 10 in Unarmed Combat
   567 | D        | Reached skill level 10 in Transmutations
   574 | D        | Killed a deep elf zephyrmancer
   574 | D        | Received a gift from Okawaru
   582 | D        | Noticed a deep elf zephyrmancer
   594 | D        | Killed a deep elf zephyrmancer
   604 | D        | Killed a deep elf zephyrmancer
   604 | D        | Reached ***** piety under Okawaru
   604 | D        | Arena points: 278 (+140) [x5]
   605 | D        | Reached skill level 11 in Unarmed Combat
   605 | D        | Reached XP level 10. HP: 59/59 MP: 14/14
   623 | D        | Bought a book of the Sky for 308 gold pieces
   631 | D        | Learned a level 7 spell: Storm Form
   646 | D        | Round 5.
   650 | D        | Noticed a giant anaconda
   667 | D        | HP: 2/59 [giant anaconda (2)]
   669 | D        | Slain by a giant anaconda

Illustrated notes

Levels and vault maps discovered:
D:        arena_sprint

Skill      XL: |  1  2  3  4  5  6  7  8  9 |
---------------+----------------------------+-----
Fighting       | 3 5 6 7 8 9 |  9.9
Dodging        | 3 5 6 7 8 9 |  9.2
Unarmed Combat | 4 6 7 8 9 11 | 11.0
Transmutations | 4 6 7 8 9 10 | 10.8
Air Magic      | 1 3 5 7 8 |  8.9
Spellcasting   | |  2.1

Action                   |  1- 3 |  4- 6 |  7- 9 | 10-12 || total
-------------------------+-------+-------+-------+-------++-------
Melee: Unarmed           |     7 |    34 |    93 |    15 ||   149
       Bite              |     2 |    10 |    27 |     3 ||    42
       Kick              |     2 |       |     9 |     5 ||    16
       Punch             |       |     4 |     7 |     3 ||    14
       Headbutt          |       |       |    12 |     3 ||    15
 Cast: Beastly Appendage |     1 |     1 |     4 |     1 ||     7
       Wereblood         |       |       |     4 |     1 ||     5
Invok: Heroism           |       |       |     1 |     1 ||     2
Evoke: Wand              |     2 |     3 |     5 |       ||    10
  Use: Scroll            |       |       |     1 |       ||     1
Armor: Robe              |     1 |       |       |       ||     1
       Troll leather arm |       |     3 |    11 |     3 ||    17
Dodge: Dodged            |     2 |    15 |    55 |    11 ||    83

Table legend: (Time is in decaauts)
 A = Elapsed time spent in this place.
 B = Non-inter-level travel time spent in this place.
 C = Inter-level travel time spent in this place.
 D = Time resting spent in this place.
 E = Time spent auto-exploring this place.
 F = Levels seen in this place.
 G = Mean time per level.
                   A        B        C        D        E       F      G
               +--------+--------+--------+--------+--------+-----+--------+
         Total |    644 |    644 |      0 |      2 |      0 |   1 |  644.0 |
       Dungeon |    644 |    644 |      0 |      2 |      0 |   1 |  644.0 |
               +--------+--------+--------+--------+--------+-----+--------+

Top non-repeatable levels by time:
       D: 644 daAuts
